 Seeded DCSS version 0.31-a0-18-gea43df2a32 (webtiles) character file.

Game seed: 9916769684995633509 (custom seed)

44 Mickster the Chopper (level 3, 1/33 HPs)
             Began as a Hill Orc Berserker on May 11, 2023.
             Was a Follower of Trog.
             Quit the game on level 2 of the Dungeon.
             The game lasted 00:07:03 (733 turns).

Mickster the Chopper (Hill Orc Berserker)            Turns: 733, Time: 00:07:04

Health: 1/33       AC:  6    Str: 21    XL:     3   Next: 62%
Magic:  3/3        EV: 11    Int:  7    God:    Trog [*.....]
Gold:   56         SH:  0    Dex: 10    Spells: 2/2 levels left

rFire   . . .        a - +0 hand axe
rCold   . . .        (no shield)
rNeg    . . .        f - +1 ring mail
rPois   .            (no helmet)
rElec   .            (no cloak)
rCorr   .            (no gloves)
SInv    .            (no boots)
Will    .....        (no amulet)
Stlth   +            (no ring)
HPRegen 0.25/turn    (no ring)
MPRegen 0.08/turn

%: no passive effects
@: lethally poisoned (1 -> -4)
A: no striking features
a: Renounce Religion, Berserk


You were on level 2 of the Dungeon.
You worshipped Trog.
Trog was aware of your devotion.
You visited 1 branch of the dungeon, and saw 2 of its levels.

You collected 56 gold pieces.

Inventory:

Hand Weapons
 a - a +0 hand axe (weapon)
 b - a +0 scimitar
Missiles
 g - 7 stones (quivered)
Armour
 f - a +1 ring mail (worn)
Scrolls
 c - 3 scrolls of teleportation {unknown}
Potions
 d - a potion of haste {unknown}
 e - a potion of attraction {unknown}


   Skills:
 + Level 4.1 Fighting
 + Level 5.0 Axes
 + Level 2.6 Armour
 + Level 1.6 Dodging
 + Level 0.4 Stealth


You had 2 spell levels left.
You didn't know any spells.
Your spell library was empty.

Dungeon Overview and Level Annotations

Branches:
Dungeon (2/15)

Altars:

Shops:
D:1 *


Message History

The adder is heavily wounded.
You feel sick. The adder bites you.
You hit the adder.
The adder is severely wounded.
You feel sick. The adder misses you.
You barely miss the adder.
The adder is severely wounded.
You feel sick.
You are no longer poisoned.
The adder bites you but does no damage. The adder bites you.
You barely miss the adder.
The adder is severely wounded.
The adder bites you but does no damage.
You hit the adder.
The adder is almost dead.
The adder bites you.
* * * LOW HITPOINT WARNING * * *
You are poisoned.
The adder poisons you! The adder bites you but does no damage.
You closely miss the adder.
The adder is almost dead.
You feel sick. The adder bites you.
* * * LOW HITPOINT WARNING * * *
You are lethally poisoned!
The adder poisons you!
You miss the adder.
The adder is almost dead.
* * * LOW HITPOINT WARNING * * *
You feel very sick. The adder closely misses you.
The adder bites you but does no damage.
You hit the adder.
You kill the adder!
Trog accepts your kill.
* * * LOW HITPOINT WARNING * * *
You feel sick.
Your Axes skill increases to level 5!
There is a lethal amount of poison in your body!
There is a lethal amount of poison in your body!
Unknown command.
Are you sure you want to abandon this character and quit the game? (Confirm with "yes".)

#.###...#....#
#.###..##....###
#......###......
#.....## #...#.. #...###
#...#.. #### #.####
##..##. #.... #.†..####
#..###
#.....###.†.....####....
#.....†@†.†....... ##...
#.....###......... ###.
..... #.###.#### ## .#..
#.# ... ... #.# ...# .#
#.# ..# . #.. ... #..


There were no monsters in sight!

Vanquished Creatures
  2 adders (D:2)
  4 ball pythons
  4 endoplasms
  A goblin (D:2)
  4 hobgoblins
  2 quokkas
  3 bats (D:1)
  2 frilled lizards
  A kobold (D:1)
  2 rats
25 creatures vanquished.

Notes
Turn   | Place    | Note
-------+----------+-------------------------------------------
     0 | D:1      | Mickster the Hill Orc Berserker began the quest for the
                  | Orb.
     0 | D:1      | Reached XP level 1. HP: 19/19 MP: 1/1
   232 | D:1      | Reached XP level 2. HP: 23/27 MP: 2/2
   277 | D:1      | Found Ikuruf's Assorted Antiques.
   340 | D:1      | Found a faded altar of an unknown god.
   649 | D:2      | Reached XP level 3. HP: 16/33 MP: 3/3
   732 | D:2      | HP: 1/33 [poisoned by an adder]
   733 | D:2      | Reached skill level 5 in Axes
   733 | D:2      | Quit the game

Illustrated notes

Levels and vault maps discovered:
D:1:      wander_arrival_desolate, layout_rooms,
          shapermc_ecumenical_altar_ellora, serial_shops,
          nicolae_shop_tiny_statue_garden
D:2:      minmay_recursive_quarters, layout_basic, basic_altar, serial_glass,
          glass_columns_b, glass_columns_c, glass_columns_c, glass_columns_a,
          glass_columns_a, glass_columns_a

Skill      XL: |  1  2  3 |
---------------+----------+-----
Fighting       | 4 |  4.1
Axes           | 5 |  5.0
Armour         | |  2.6
Dodging        | |  1.6
Stealth        | |  0.4

Action                     || total
---------------------------++-------
  Melee: Hand axe          ||   123
    Use: Scroll            ||     3
         Potion            ||     2
 Armour: Ring mail         ||    45
  Dodge: Dodged            ||    72

Table legend: (Time is in decaauts)
 A = Elapsed time spent in this place.
 B = Non-inter-level travel time spent in this place.
 C = Inter-level travel time spent in this place.
 D = Time resting spent in this place.
 E = Time spent auto-exploring this place.
 F = Levels seen in this place.
 G = Mean time per level.
                   A        B        C        D        E       F      G
               +--------+--------+--------+--------+--------+-----+--------+
         Total |    742 |    677 |     65 |     50 |      0 |   2 |  371.0 |
       Dungeon |    742 |    677 |     65 |     50 |      0 |   2 |  371.0 |
               +--------+--------+--------+--------+--------+-----+--------+

Top non-repeatable levels by time:
     D:1: 572 daAuts
     D:2: 169 daAuts
